AoeStats
← Done

African Clearing

510415880Analyzed
3v3 RM · 14h ago on Sep 30, 2026· 81m 35s· 6 players
Game mode
Random Map
Map size
Normal (6 player)
Population
200
Speed
Normal
Resources
Standard
Victory
Conquest
Starting age
Dark Age
Ending age
Imperial Age
RankedLock teamsTeams togetherTeam positionsShared explorationLock speedFull tech treeHidden civsTurbo modeCheats
Victory
Defeat
🇬🇧 Mongols · United Kingdom
711
+15
🇲🇽 Huns · Mexico
648
+17
🇷🇺 Spanish · Russia
639
+17
🇨🇱 Lithuanians · Chile
738
-18
🇹🇼 Vietnamese · Taiwan
679
-17
🇨🇱 Sicilians · Chile
606
-20
Anubis
4:09 Loom
16:51 Feudal Age
28:11 Castle Age
27:44 Stone Mining
27:37 Horse Collar
27:47 Double-Bit Axe
36:11 Imperial Age
35:37 Bow Saw
35:31 Heavy Plow
36:14 Bow Saw
38:01 Chemistry
41:48 Ballistics
41:39 Fortified Wall
41:31 Murder Holes
47:50 Fortified Wall
49:24 Wheelbarrow
49:45 Arrowslits
50:13 Scale Barding Armor
50:08 Scale Mail Armor
50:09 Padded Archer Armor
49:59 Fletching
50:20 Forging
50:34 Supremacy
50:58 Hand Cart
51:52 Two-Man Saw
51:04 Masonry
50:25 Elite Conquistador
52:13 Chain Mail Armor
52:13 Leather Archer Armor
53:37 Hoardings
53:48 Architecture
55:09 Conscription
54:54 Bodkin Arrow
55:30 Ring Archer Armor
55:30 Plate Mail Armor
55:20 Chain Barding Armor
56:30 Iron Casting
55:55 Bracer
56:17 Chain Barding Armor
58:54 Blast Furnace
63:53 Plate Barding Armor
63:43 Cavalier
64:45 Husbandry
64:55 Bloodlines
64:27 Light Cavalry
64:42 Paladin
Done
6:15 Loom
18:06 Feudal Age
18:59 Double-Bit Axe
20:00 Town Watch
23:11 Castle Age
22:40 Fletching
22:56 Scale Barding Armor
22:57 Gold Mining
24:04 Town Patrol
28:53 Wheelbarrow
43:34 Husbandry
44:56 Chain Barding Armor
44:33 Bodkin Arrow
46:02 Bloodlines
46:07 Forging
46:39 Hand Cart
50:48 Imperial Age
48:55 Ballistics
49:23 Bow Saw
51:28 Iron Casting
51:14 Elite Steppe Lancer
52:30 Conscription
56:31 Light Cavalry
58:16 Gold Shaft Mining
58:23 Elite Mangudai
60:06 Chemistry
62:34 Drill
64:47 Capped Ram
65:59 Siege Ram
71:35 Horse Collar
75:29 Caravan
75:26 Elite Skirmisher
76:10 Onager
77:34 Heavy Plow
78:49 Stone Mining
79:30 Thumb Ring
79:55 Parthian Tactics
80:01 Siege Onager
arq.juanfloresu
19:52 Feudal Age
19:54 Man-at-Arms
21:37 Arson
23:59 Forging
23:51 Scale Mail Armor
matissa.o.w
13:15 Loom
15:05 Feudal Age
46:54 Castle Age
65:28 Imperial Age
64:39 Padded Archer Armor
64:45 Scale Barding Armor
Aquiles Bai Loyo
8:15 Loom
19:41 Feudal Age
24:27 Castle Age
23:47 Stone Mining
30:54 Husbandry
38:41 Wheelbarrow
39:41 Scale Barding Armor
46:54 Hand Cart
56:36 Imperial Age
54:24 Double-Bit Axe
瀧注洄洮
12:37 Feudal Age
15:38 Double-Bit Axe
28:58 Castle Age
26:47 Horse Collar
27:59 Forging
29:36 Bloodlines
29:05 Light Cavalry
31:15 Bow Saw
36:32 Chatras
37:40 Stone Mining
37:43 Gold Mining
38:13 Fishing Lines
39:24 Husbandry
41:11 Stone Shaft Mining
44:30 Gillnets
47:15 Scale Barding Armor
47:46 Iron Casting
47:02 Fletching
47:14 Padded Archer Armor
48:56 Wheelbarrow
48:07 Loom
48:07 Town Watch
49:28 Ballistics
49:18 Fortified Wall
49:05 Murder Holes
48:51 Treadmill Crane
49:21 Masonry
51:57 Imperial Age
49:43 Hand Cart
50:21 Bodkin Arrow
50:42 Leather Archer Armor
52:09 Chain Barding Armor
53:32 Paper Money
52:59 Elite Rattan Archer
54:46 Two-Man Saw
53:53 Heavy Plow
56:16 Hoardings
55:31 Arrowslits
55:56 Siege Engineers
57:05 Chemistry
57:45 Bracer
58:16 Ring Archer Armor
58:22 Plate Barding Armor
57:25 Elite Battle Elephant
59:03 Elite Skirmisher
59:49 Thumb Ring
60:26 Imperial Skirmisher
78:43 Town Patrol
Connection lost

Rejoining the realm…

Still unreachable

The connection could not be restored.

Session expired

The server has moved on; the page needs a fresh start.